 Dungeon Crawl Stone Soup version 0.26-a0-639-g72c4674329 (webtiles) character file.

Game seed: 9933100649315571999

13841 Arthanis the Cleaver (level 12, -14/117 HPs)
             Began as a Gargoyle Berserker on Sept 21, 2020.
             Was a High Priest of Trog.
             Demolished by an ettin
             ... wielding a +0 dire flail
              (38 damage)
             ... on level 12 of the Dungeon.
             The game lasted 00:14:55 (10722 turns).

Arthanis the Cleaver (Gargoyle Berserker)          Turns: 10722, Time: 00:14:56

Health: -14/117    AC: 24    Str: 25    XL:     12   Next: 10%
Magic:  12/12      EV: 16    Int: 13    God:    Trog [*****.]
Gold:   730        SH:  9    Dex:  9    Spells: 11/11 levels left

rFire    . . .     SeeInvis .   Q - +0 hand axe (venom)
rCold    . . .     Faith    .   H - +0 kite shield
rNeg     + + .     Spirit   .   L - +3 scale mail "Tievvockaru" {+Blink rN+ Str+4}
rPois    ∞         Reflect  .   (no helmet)
rElec    +         Harm     .   t - +2 cloak {rCorr}
rCorr    +         Rampage  .   A - +1 pair of gloves
MR       ++...                  (no boots)
Stlth    ..........             v - amulet of the acrobat
HPRegen  1.29/turn              h - +4 ring of evasion
MPRegen  0.13/turn              i - +4 ring of evasion

@: berserking, regenerating, very quick
A: negative energy resistance 1, electricity resistance, unbreathing,
petrification resistance, rot immunity, AC +8
a: Berserk, Trog's Hand, Brothers in Arms, Renounce Religion, Evoke Blink


You were on level 12 of the Dungeon.
You worshipped Trog.
Trog was extremely pleased with you.
You visited 1 branch of the dungeon, and saw 12 of its levels.
You also visited: Ossuary.

You collected 730 gold pieces.

Inventory:

Hand Weapons
 y - a +1 trident of protection
 Q - a +0 hand axe of venom (weapon)
Armour
 j - a +0 plate armour
 t - a +2 cloak of preservation (worn)
 A - a +1 pair of gloves (worn)
 H - a +0 kite shield (worn)
 L - the +3 scale mail "Tievvockaru" (worn) {+Blink rN+ Str+4}
   (You took it off a gnoll on level 8 of the Dungeon)

   It affects your strength (+4).
   It protects you from negative energy.
   It lets you blink.
Jewellery
 h - a +4 ring of evasion (left hand)
 i - a +4 ring of evasion (right hand)
 v - an amulet of the acrobat (around neck)
 K - an uncursed ring of protection from fire
Wands
 E - a wand of polymorph (21)
 F - a wand of iceblast (13)
 M - a wand of paralysis (2)
Scrolls
 a - a scroll of torment {unknown}
 b - a scroll of brand weapon {unknown}
 f - 4 scrolls of remove curse
 g - 4 scrolls of enchant armour
 n - a scroll of blinking
 p - 3 scrolls of fog
 q - 13 scrolls of teleportation
 G - 2 scrolls of immolation
 P - a scroll of fear
Potions
 c - a potion of haste {unknown}
 d - 2 potions of stabbing {unknown}
 e - 2 potions of might {unknown}
 m - 4 potions of curing
 o - 2 potions of flight
 r - a potion of mutation {unknown}
 u - 2 potions of degeneration {unknown}
 w - a potion of lignification {unknown}
 x - 2 potions of brilliance {unknown}
 z - 3 potions of heal wounds
 B - 2 potions of resistance {unknown}
 D - a potion of ambrosia {unknown}
 I - 3 potions of magic {unknown}
Miscellaneous
 N - a box of beasts (3/3)


   Skills:
 + Level 10.4 Fighting
 * Level 13.1 Axes
 - Level 6.0 Armour
 - Level 2.0 Dodging
 - Level 1.5 Stealth
 - Level 4.1 Shields
 + Level 5.2 Evocations


You had 11 spell levels left.
You didn't know any spells.
Your spell library contained the following spells:

 Spells                   Type           Power        Failure   Level
 Beastly Appendage        Tmut           #.....       95%         1
 Corona                   Hex            #......      95%         1
 Summon Small Mammal      Summ           #...         95%         1
 Call Imp                 Summ           #.......     99%         2
 Ensorcelled Hibernation  Hex/Ice        #.....       99%         2
 Wereblood                Tmut           #.......     99%         2
 Call Canine Familiar     Summ           #.......     100%        3
 Confusing Touch          Hex            #.......     100%        3
 Dazzling Flash           Conj/Hex       #.....       100%        3
 Spider Form              Tmut/Pois      #.........   100%        3
 Summon Guardian Golem    Hex/Summ       #.......     100%        3
 Tukima's Dance           Hex            #.......     100%        3
 Cause Fear               Hex            #.........   100%        4
 Ice Form                 Ice/Tmut       #.......     100%        4
 Summon Ice Beast         Ice/Summ       #.......     100%        4
 Summon Lightning Spire   Summ/Air       #.......     100%        4
 Blade Hands              Tmut           #.........   100%        5
 Silence                  Hex/Air        #.........   100%        5
 Yara's Violent Unravell  Hex/Tmut       #.........   100%        5
 Discord                  Hex            #.........   100%        8


Dungeon Overview and Level Annotations

Branches:
Dungeon (12/15)            Temple (0/1) D:4            Lair (0/6) D:11
    Orc (0/2) D:9         Ossuary (visited)

Altars:
Ashenzari
Cheibriados
Elyvilon
Hepliaklqana
Kikubaaqudgha
Makhleb
Nemelex Xobeh
Okawaru
Qazlal
Ru
Sif Muna
Trog
Uskayaw
Vehumet
Xom
Yredelemnul
Zin
The Shining One


Innate Abilities, Weirdness & Mutations

You are resistant to torment.
Your stone body is resilient. (AC +8)
You are immune to poison.
You resist negative energy. (rN+)
You are resistant to electric shocks. (rElec)
You can survive without breathing.
You are immune to petrification.
You are immune to rotting.


Message History

You kill the two-headed ogre!
Trog accepts your kill. The wolf barely misses you.
The cyclops throws a large rock.
The large rock hits you!!
* * * LOW HITPOINT WARNING * * *
The cyclops throws a large rock.
The large rock misses you.
The large rock hits the eye of draining!!
You slash the ettin!
The ettin looks as sick as possible!
The ettin is severely wounded.
You hit the wolf but do no damage.
The wolf looks as sick as possible!
You hit the cyclops.
You kill the cyclops!
Trog accepts your kill.
You hit something. You hit the eye of draining.
You kill the eye of draining!
Trog accepts your kill. You block something's attack.
Something completely misses you. The ettin hits you but does no damage.
The ettin hits you with a +0 dire flail!!!
You die...

...... ... . .....
.....
..###''h###.......
...................
.......CC..........
......ChC..........
.....P†h(C............
......C@†C...........
......(){............
........(.(.........
.......(...........#
###########(.......##
#(#####...# #
#.#####<#.## #.
#.##.......# ##.###
#.##.......#


You could see an ettin (extremely poisoned), 6 cyclopes, a warg and 2 wolves.

Vanquished Creatures
  Snorg (D:10)
  5 two-headed ogres
  An ugly thing (D:11)
  A cyclops (D:12)
  Joseph (D:8)
  A gargoyle (D:11)
  2 trolls
  2 hornets
  3 hippogriffs
  2 wyverns
  A vampire (D:11)
  2 wraiths
  Grum (D:8)
  6 yaks (D:11)
  A steam dragon (D:7)
  An acid dragon (D:11)
  A warg (D:12)
  A water moccasin (D:12)
  Duvessa (D:5)
  2 porcupines (D:11)
  3 orc warriors
  4 sky beasts
  3 phantoms
  2 black bears
  2 eyes of draining
  4 wolves
  3 ogres
  A crocodile (D:11)
  2 centaurs
  2 elf zombies (Ossuary)
  Blork the orc (D:5)
  7 bullfrogs
  Dowan (D:5)
  2 scorpions
  11 killer bees
  4 howler monkeys
  2 quasits
  2 bullfrog zombies
  3 jellies (D:10)
  7 hounds
  3 human zombies (Ossuary)
  9 orc priests
  An iguana (D:4)
  2 bullfrog skeletons
  Crazy Yiuf (D:2)
  Terence (D:2)
  9 orc wizards
  3 worker ants
  2 big kobold zombies (Ossuary)
  A hound zombie (D:7)
  2 mummies (Ossuary)
  5 gnolls
  8 adders
  2 shadow imps
  2 ufetubi
  4 worms
  2 dart slugs
  8 leopard geckos
  39 orcs
  2 ball pythons
  8 bats
  6 giant cockroaches
  4 goblins
  6 hobgoblins
  9 jackals
  2 quokkas
  5 frilled lizards
  A goblin zombie (Ossuary)
  9 hobgoblin zombies (Ossuary)
  2 jackal zombies (Ossuary)
  6 kobolds
  9 kobold zombies (Ossuary)
  A leopard gecko skeleton (D:6)
  9 orc zombies (Ossuary)
  A quokka skeleton (D:7)
  2 quokka zombies
  9 rats
297 creatures vanquished.

Vanquished Creatures (others)
  5 fungi (D:11)
  7 plants (D:11)
12 creatures vanquished.

Grand Total: 309 creatures vanquished

Notes
Turn   | Place    | Note
-------+----------+-------------------------------------------
     0 | D:1      | Arthanis the Gargoyle Berserker began the quest for the
                  | Orb.
     0 | D:1      | Reached XP level 1. HP: 14/14 MP: 1/1
    85 | D:1      | Reached skill level 3 in Axes
    85 | D:1      | Reached XP level 2. HP: 12/19 MP: 2/2
   549 | D:1      | Reached XP level 3. HP: 23/23 MP: 3/3
  1071 | D:2      | Reached ** piety under Trog
  1085 | D:2      | Found a white marble altar of Elyvilon.
  1086 | D:2      | Noticed Terence
  1106 | D:2      | Killed Terence
  1106 | D:2      | Reached XP level 4. HP: 29/29 MP: 4/4
  1262 | D:2      | Found a hazy altar of Hepliaklqana.
  1328 | D:2      | Reached skill level 4 in Axes
  1550 | D:2      | Found a sacrificial altar of Ru.
  1565 | D:2      | Reached XP level 5. HP: 31/33 MP: 5/5
  1835 | D:2      | Found a runed translucent door.
  1836 | D:2      | Noticed Crazy Yiuf
  1950 | D:2      | Killed Crazy Yiuf
  2102 | D:3      | Found an ancient bone altar of Kikubaaqudgha.
  2514 | D:3      | Reached skill level 5 in Axes
  2602 | D:3      | Reached *** piety under Trog
  2610 | D:3      | Reached XP level 6. HP: 21/38 MP: 6/6
  2723 | D:4      | Found a shimmering altar of Xom.
  2901 | D:4      | Found a staircase to the Ecumenical Temple.
  3393 | D:4      | Found a basalt altar of Yredelemnul.
  3453 | D:3      | Reached skill level 6 in Axes
  3591 | D:4      | Reached XP level 7. HP: 43/43 MP: 7/7
  3839 | D:5      | Entered Level 5 of the Dungeon
  3870 | D:5      | Noticed Duvessa
  3872 | D:5      | Noticed Dowan
  3872 | D:5      | Noticed Blork the orc
  3887 | D:5      | Killed Blork the orc
  3887 | D:5      | Killed Duvessa
  3889 | D:5      | Killed Dowan
  3889 | D:5      | Reached skill level 7 in Axes
  3907 | D:5      | Reached XP level 8. HP: 45/48 MP: 8/8
  4012 | D:5      | Reached skill level 1 in Stealth
  4098 | D:5      | Found a radiant altar of Vehumet.
  4749 | D:6      | Reached skill level 5 in Fighting
  4749 | D:6      | Reached skill level 8 in Axes
  4987 | D:6      | Found a hide-covered altar of Uskayaw.
  4990 | D:6      | Found a sparkling altar of Nemelex Xobeh.
  5459 | D:7      | Reached skill level 1 in Shields
  5510 | D:7      | Reached skill level 5 in Armour
  5511 | D:7      | Reached **** piety under Trog
  5511 | D:7      | Reached XP level 9. HP: 49/54 MP: 9/9
  5537 | D:7      | Noticed a troll
  5551 | D:7      | Killed a troll
  5581 | D:7      | Found a sand-covered staircase.
  5586 | Ossuary  | Entered an ossuary
  5747 | Ossuary  | Reached skill level 9 in Axes
  6098 | D:7      | Found a glowing golden altar of the Shining One.
  6238 | D:8      | Noticed a two-headed ogre
  6254 | D:8      | Killed a two-headed ogre
  6263 | D:7      | Reached ***** piety under Trog
  6566 | D:8      | Noticed Grum
  6579 | D:8      | Reached skill level 10 in Axes
  6580 | D:8      | Reached XP level 10. HP: 63/63 MP: 10/10
  6582 | D:8      | Killed Grum
  6582 | D:8      | Received a gift from Trog
  6983 | D:8      | Identified the +3 scale mail "Tievvockaru" {+Blink rN+
                  | Str+4}
  6987 | D:8      | Paralysed by a gnoll for 6 turns
  7144 | D:8      | Noticed a two-headed ogre
  7153 | D:8      | Killed a two-headed ogre
  7153 | D:8      | Reached skill level 11 in Axes
  7185 | D:8      | Noticed Joseph
  7204 | D:8      | Killed Joseph
  7296 | D:8      | Reached skill level 1 in Evocations
  7545 | D:8      | Found a burning altar of Makhleb.
  7545 | D:8      | Noticed a cacodemon
  7548 | D:8      | Noticed a smoke demon
  7678 | D:9      | Found a bloodstained altar of Trog.
  7812 | D:9      | Noticed a two-headed ogre
  7826 | D:9      | Killed a two-headed ogre
  7826 | D:9      | Reached XP level 11. HP: 69/69 MP: 11/11
  7954 | D:9      | Found a staircase to the Orcish Mines.
  8016 | D:9      | Found a shimmering altar of Xom.
  8025 | D:9      | Found a shimmering blue altar of Sif Muna.
  8032 | D:9      | Found a glowing silver altar of Zin.
  8047 | D:9      | Found a shattered altar of Ashenzari.
  8073 | D:9      | Found a stormy altar of Qazlal.
  8222 | D:9      | Found a snail-covered altar of Cheibriados.
  8682 | D:10     | Entered Level 10 of the Dungeon
  8819 | D:10     | Noticed Snorg
  8836 | D:10     | Reached skill level 12 in Axes
  8851 | D:10     | Killed Snorg
  9366 | D:11     | Noticed a white ugly thing
  9376 | D:11     | Killed a white ugly thing
 10169 | D:11     | Reached skill level 10 in Fighting
 10459 | D:11     | Noticed a two-headed ogre
 10468 | D:11     | Killed a two-headed ogre
 10551 | D:11     | Found a staircase to the Lair.
 10564 | D:11     | Reached skill level 13 in Axes
 10564 | D:11     | Reached XP level 12. HP: 76/77 MP: 12/12
 10579 | D:11     | Reached skill level 5 in Evocations
 10661 | D:12     | Found an iron altar of Okawaru.
 10709 | D:12     | Noticed a two-headed ogre
 10711 | D:12     | Noticed an ettin
 10721 | D:12     | Killed a two-headed ogre
 10722 | D:12     | Demolished by an ettin

Illustrated notes

Levels and vault maps discovered:
D:1:      evilmike_arrival_home_sweet_home, layout_basic
D:2:      layout_loops_ring, elyvilon_altar_3, overflow_temple_1_default,
          nicolae_ru_great_annihilating_truth, uniq_crazy_yiuf_cottage,
          uniq_terence
D:3:      layout_loops_ring, marbit_many_paths
D:4:      layout_basic, lemuel_crystal_altar, minmay_temple_entry_tees,
          grunt_ministairs_9, xom_teletrap_fun
D:5:      layout_rooms, kennysheep_mini_moat, uniq_duvessa, uniq_blork_the_orc
D:6:      layout_cave_pods, chequers_temple_overflow_statue_of_worship,
          grunt_tough_drop
D:7:      layout_layer_cave, lemuel_crystal_altar, enter_ossuary_2
D:8:      layout_cave_pools, makhleb_altar_promises_db, uniq_joseph, uniq_grum
D:9:      layout_basic, nicolae_overflow_crystal_walls,
          overflow_temple_1_default, nicolae_overflow_quartered_altars,
          lemuel_round_altar, david_orc_2
D:10:     layout_cave_pools, uniq_snorg
D:11:     layout_irregular_city, grunt_lair_entry_orc_guard_hut,
          nrook_loot_triangle
D:12:     giant_chief_lemuel, layout_basic, serial_shops, nicolae_shop_stone,
          basic_altar, amethyst_killhole, okawaru_ov_weapons_minmay

Skill      XL: |  1  2  3  4  5  6  7  8  9 10 11 12 |
---------------+-------------------------------------+-----
Axes           | 3 4 5 6 7 8 10 11 13 | 13.1
Dodging        | 2 |  2.0
Fighting       | 4 5 7 8 10 | 10.4
Armour         | 3 5 6 |  6.0
Stealth        | 1 |  1.5
Shields        | 2 4 |  4.1
Evocations     | 2 4 5 |  5.2

Action                   |  1- 3 |  4- 6 |  7- 9 | 10-12 || total
-------------------------+-------+-------+-------+-------++-------
Melee: Hand axe          |    93 |   259 |   477 |   593 ||  1422
Invok: Berserk           |     1 |     4 |     7 |    11 ||    23
       Trog's Hand       |       |     3 |     2 |     2 ||     7
  Use: Scroll            |       |       |     7 |     5 ||    12
 Stab: Paralysed         |       |     1 |       |       ||     1
       Invisible         |       |     1 |       |       ||     1
Armor: Animal skin       |    42 |       |       |       ||    42
       Scale mail        |       |    77 |   162 |   229 ||   468
Dodge: Dodged            |    74 |   215 |   397 |   394 ||  1080
Block: Kite shield       |       |       |   133 |   309 ||   442

Table legend: (Time is in decaauts)
 A = Elapsed time spent in this place.
 B = Non-inter-level travel time spent in this place.
 C = Inter-level travel time spent in this place.
 D = Time resting spent in this place.
 E = Time spent auto-exploring this place.
 F = Levels seen in this place.
 G = Mean time per level.
                   A        B        C        D        E       F      G
               +--------+--------+--------+--------+--------+-----+--------+
         Total |  10768 |  10461 |    307 |    277 |   7870 |  13 |  828.3 |
       Dungeon |  10443 |  10136 |    307 |    277 |   7712 |  12 |  870.2 |
       Ossuary |    324 |    324 |      0 |      0 |    158 |   1 |  324.0 |
               +--------+--------+--------+--------+--------+-----+--------+

Top non-repeatable levels by time:
    D:11: 1246 daAuts
     D:8: 1138 daAuts
     D:4: 1110 daAuts
     D:1: 1050 daAuts
     D:9: 1005 daAuts
     D:7: 969 daAuts
     D:2: 967 daAuts
     D:6: 864 daAuts
     D:3: 784 daAuts
    D:10: 664 daAuts
     D:5: 561 daAuts
 Ossuary: 324 daAuts
    D:12: 80 daAuts
